 Dungeon Crawl Stone Soup version 0.27.0-1-g7a089689b8 (webtiles) character file.

Game seed: 3494653737775459384

16400061 Helmschank the Conqueror (level 27, 199/199 HPs)
             Began as a Gargoyle Fighter on Aug 10, 2021.
             Was a High Priest of the Shining One.
             Escaped with the Orb
             ... and 15 runes on Aug 13, 2021!
             The game lasted 11:28:02 (95183 turns).

Helmschank the Conqueror (Gargoyle Fighter)        Turns: 95183, Time: 11:28:02

Health: 199/199    AC: 44    Str: 31    XL:     27
Magic:  35/36      EV: 15    Int: 11    God:    the Shining One [*****.]
Gold:   12977      SH: 26    Dex:  8    Spells: 8/64 levels left

rFire    + + +     SeeInvis +   a - +9 broad axe (holy)
rCold    + + .     Faith    .   S - +5 kite shield {reflect}
rNeg     + + +     Spirit   .   F - +5 faerie dragon scales {rC+ Regen+ rCorr Clar}
rPois    ∞         Reflect  +   m - +2 hat
rElec    +         Harm     .   N - scarf {repulsion}
rCorr    +         Rampage  .   D - +0 pair of gloves of Dithmenos's Whim {rElec rF+ rC+ Str+2 SInv}
Will     ++...     Clarity  +   X - +2 pair of boots {Fly} Stlth +.........Rnd*Tele +
                                J - amulet of Kuraots {Reflect rF+ SH+5}
HPRegen  1.43/turn              B - ring "Noseuf" {rF+ Str+5 SInv}
MPRegen  0.25/turn              e - ring of wizardry

@: flying, glowing, studying 2 skills, repel missiles
A: sickness immunity, AC +20, big wings, negative energy resistance 1,
electricity resistance, torment resistance 1, petrification resistance,
iridescent scales 1, berserk 1, clumsy 2, deformed body, deterioration 2, dopey
1, low mp 2, screaming 2, teleportitis 1, weak 1, inability to read while
threatened, noise suppression
0: Orb of Zot
}: 15/15 runes: decaying, slimy, silver, golden, iron, obsidian, icy, bone,
abyssal, demonic, glowing, magical, fiery, dark, gossamer
a: Renounce Religion, Divine Shield, Cleansing Flame, Summon Divine Warrior


You escaped.
You worshipped the Shining One.
The Shining One was extremely pleased with you.
You visited 18 branches of the dungeon, and saw 90 of its levels.
You visited Pandemonium 1 time, and saw 17 of its levels.
You visited the Abyss 4 times.
You also visited: Sewer, Bailey, Gauntlet and Wizlab.

You collected 17468 gold pieces.
You spent 4491 gold pieces at shops.

Inventory:

Hand Weapons
 a - a +9 broad axe of holy wrath (weapon)
 b - the +8 broad axe of Governance {flame, rC+}
   (You found it on level 1 of the Lair of Beasts)

   It burns those it strikes, dealing additional fire damage.
   Big, fiery blades are also staple armaments of hydra-hunters.
   rC:        It protects you from cold.
 w - a +6 eveningstar of electrocution
Missiles
 i - 7 javelins (quivered)
 n - 5 boomerangs
 t - 349 stones
 M - 129 poisoned darts
 O - 20 curare-tipped darts
 W - 3 throwing nets
 Y - 6 silver javelins
Armour
 m - a +2 hat (worn)
 D - the +0 pair of gloves of Dithmenos's Whim (worn) {rElec rF+ rC+ Str+2 SInv}
   (You acquired it on level 1 of the Lair of Beasts)

   Str:       It affects your strength (+2).
   rF:        It protects you from fire.
   rC:        It protects you from cold.
   rElec:     It insulates you from electricity.
   SInv:      It lets you see invisible.
 F - the +5 faerie dragon scales (worn) {rC+ Regen+ rCorr Clar}
   (You took it off the Enchantress on level 3 of the Depths)

   rC:        It protects you from cold.
   Clar:      It protects you against confusion.
   Regen:     It increases your rate of health regeneration.
   rCorr:     It protects you from acid and corrosion.
 N - a scarf of repulsion (worn)
 S - a +5 kite shield of reflection (worn)
 V - a +4 tower shield of protection
 X - a +2 pair of boots of flying (worn)
Jewellery
 e - a ring of wizardry (right hand)
 u - a ring of willpower
 B - the ring "Noseuf" (left hand) {rF+ Str+5 SInv}
   (You found it in Pandemonium)

   [ring of protection from fire]

   Str:       It affects your strength (+5).
   rF:        It protects you from fire.
   SInv:      It lets you see invisible.
 J - the amulet of Kuraots (around neck) {Reflect rF+ SH+5}
   (You found it in Pandemonium)

   [amulet of reflection]

   It reflects blocked missile attacks.
   rF:        It protects you from fire.
   SH:        It affects your SH (+5).
 L - the ring "Jeolerph" {rC+ Int+3 Slay+4}
   (You took it off a deep elf archer on level 3 of the Elven Halls)

   [ring of slaying]

   Int:       It affects your intelligence (+3).
   Slay:      It affects your accuracy & damage with ranged weapons and melee
   (+4).
   rC:        It protects you from cold.
 P - the amulet "Ehotiv" {Reflect Dex+3 Slay+3 SH+5}
   (You found it in Pandemonium)

   [amulet of reflection]

   It reflects blocked missile attacks.
   Dex:       It affects your dexterity (+3).
   Slay:      It affects your accuracy & damage with ranged weapons and melee
   (+3).
   SH:        It affects your SH (+5).
 Z - the ring "Putrec" {rC+ EV+4 Slay+5}
   (You found it in Pandemonium)

   [ring of evasion]

   EV:        It affects your evasion (+4).
   Slay:      It affects your accuracy & damage with ranged weapons and melee
   (+5).
   rC:        It protects you from cold.
Wands
 G - a wand of digging (13)
 H - a wand of paralysis (30)
 Q - a wand of polymorph (52)
 T - a wand of acid (23)
Scrolls
 g - 3 scrolls of silence
 h - 11 scrolls of vulnerability
 k - 4 scrolls of magic mapping
 l - 7 scrolls of blinking
 p - 8 scrolls of fog
 r - 41 scrolls of identify
 v - a scroll of enchant armour
 y - 11 scrolls of fear
 z - 4 scrolls of immolation
 E - 15 scrolls of teleportation
 R - a scroll of holy word
Potions
 c - 15 potions of lignification
 d - a potion of might
 f - 9 potions of brilliance
 j - 11 potions of heal wounds
 o - 2 potions of cancellation
 q - 8 potions of ambrosia
 s - a potion of berserk rage
 x - 7 potions of resistance
 A - 18 potions of curing
 C - 3 potions of haste
 U - 3 potions of magic
Miscellaneous
 I - a tin of tremorstones (2/2)


   Skills:
 O Level 27 Fighting
 - Level 16.9(18.0) Axes
 - Level 11.8(16.3) Maces & Flails
 - Level 14.0 Throwing
 + Level 21.3 Armour
 + Level 14.3 Dodging
 - Level 20.0 Shields
 + Level 19.0 Spellcasting
 - Level 16.0 Conjurations
 - Level 8.0 Hexes
 - Level 4.0 Summonings
 - Level 6.0 Translocations
 + Level 15.2 Transmutations
 - Level 4.0 Fire Magic
 - Level 14.0 Ice Magic
 - Level 4.0 Air Magic
 O Level 27 Earth Magic
 - Level 24.0 Invocations
 - Level 8.0 Evocations


You had 8 spell levels left.
You knew the following spells:

 Your Spells              Type           Power      Damage    Failure   Level
a - Leda's Liquefaction   Hex/Erth       24%        N/A       1%          4
b - Lee's Rapid Deconstr  Erth           31%        3d17*     0%          5
c - Passwall              Tmut/Erth      45%        N/A       0%          2
d - Portal Projectile     Hex/Tloc       50%        N/A       1%          3
e - Apportation           Tloc           46%        N/A       1%          1
f - Shatter               Erth           31%        3d26*     3%          9
v - Iron Shot             Conj/Erth      27%        9d6       1%          6
x - Freezing Cloud        Conj/Ice/Air   17%        6-21      1%          5
A - Ozocubu's Armour      Ice            41%        N/A       1%          3
D - Summon Guardian Gole  Hex/Summ       23%        N/A       1%          3
E - Bolt of Magma         Conj/Fire/Erth 22%        4d11      1%          5
Q - Wereblood             Tmut           43%        N/A       0%          2
R - Irradiate             Conj/Tmut      22%        3d20      1%          5
S - Frozen Ramparts       Ice            82%        1d10      1%          3

Your spell library contained the following spells:

 Spells                   Type           Power      Damage    Failure   Level
 Beastly Appendage        Tmut           86%        N/A       0%          1
 Freeze                   Ice            100%       1d11      0%          1
 Magic Dart               Conj           100%       1d8       0%          1
 Sandblast                Erth           100%       2d20      0%          1
 Searing Ray              Conj           90%        3d6       0%          2
 Stone Arrow              Conj/Erth      100%       3d13      0%          3
 Petrify                  Tmut/Erth      54%        N/A       0%          4
 Corona                   Hex            31%        N/A       1%          1
 Foxfire                  Conj/Fire      100%       2x1d9     1%          1
 Sting                    Tmut/Pois      100%       1d8       1%          1
 Summon Small Mammal      Summ           76%        N/A       1%          1
 Call Imp                 Summ           19%        N/A       1%          2
 Corpse Rot               Necr/Air       N/A        N/A       1%          2
 Ensorcelled Hibernation  Hex/Ice        68%        N/A       1%          2
 Poisonous Vapours        Pois/Air       28%        N/A       1%          2
 Slow                     Hex            28%        N/A       1%          2
 Static Discharge         Conj/Air       32%        N/A       1%          2
 Call Canine Familiar     Summ           19%        N/A       1%          3
 Confusing Touch          Hex            28%        N/A       1%          3
 Conjure Flame            Conj/Fire      32%        6-21      1%          3
 Dazzling Flash           Conj/Hex       72%        N/A       1%          3
 Gell's Gravitas          Tloc           11%        N/A       1%          3
 Ignite Poison            Fire/Tmut/Pois 24%        N/A       1%          3
 Inner Flame              Hex/Fire       23%        N/A       1%          3
 Mephitic Cloud           Conj/Pois/Air  25%        N/A       1%          3
 Spider Form              Tmut/Pois      13%        N/A       1%          3
 Swiftness                Air            19%        N/A       1%          3
 Tukima's Dance           Hex            28%        N/A       1%          3
 Animate Armour           Summ/Erth      88%        N/A       1%          4
 Cause Fear               Hex            14%        N/A       1%          4
 Fulminant Prism          Conj/Hex       18%        3d11      1%          4
 Hailstorm                Conj/Ice       43%        3d10      1%          4
 Ice Form                 Ice/Tmut       42%        N/A       1%          4
 Iskenderun's Mystic Bla  Conj/Tloc      34%        2d8       1%          4
 Passage of Golubria      Tloc           N/A        N/A       1%          4
 Sticky Flame             Conj/Fire      32%        2d5       1%          4
 Summon Ice Beast         Ice/Summ       30%        N/A       1%          4
 Blade Hands              Tmut           21%        N/A       1%          5
 Fireball                 Conj/Fire      16%        3d8       1%          5
 Iskenderun's Battlesphe  Conj           45%        2d10      1%          5
 Lightning Bolt           Conj/Air       16%        1d30      1%          5
 Metabolic Englaciation   Hex/Ice        17%        N/A       1%          5
 Yara's Violent Unravell  Hex/Tmut       18%        3d9       1%          5
 Alistair's Intoxication  Tmut/Pois      18%        N/A       2%          5
 Orb of Destruction       Conj           22%        9d9       2%          7
 Lehudib's Crystal Spear  Conj/Erth      27%        10d7      2%          8
 Dragon Form              Tmut           21%        N/A       3%          7
 Summon Lightning Spire   Summ/Air       19%        N/A       4%          4
 Silence                  Hex/Air        11%        N/A       5%          5
 Vampiric Draining        Necr           5%         2d6       6%          3
 Conjure Ball Lightning   Conj/Air       16%        3x3d6     6%          6
 Starburst                Conj/Fire      16%        8x6d6     6%          6
 Ozocubu's Refrigeration  Ice            20%        4d9       6%          7
 Invisibility             Hex            14%        N/A       12%         6
 Eringya's Noxious Bog    Tmut/Pois      13%        N/A       16%         6
 Simulacrum               Ice/Necr       12%        N/A       19%         6
 Dispel Undead            Necr           10%        3d9       21%         4
 Olgreb's Toxic Radiance  Pois           10%        N/A       21%         4
 Spellforged Servitor     Conj/Summ      16%        N/A       28%         7
 Storm Form               Tmut/Air       15%        N/A       32%         7
 Agony                    Necr           10%        N/A       50%         5
 Excruciating Wounds      Necr           5%         N/A       50%         5
 Shadow Creatures         Summ           N/A        N/A       52%         6
 Summon Hydra             Summ           9%         N/A       96%         7
 Necromutation            Tmut/Necr      13%        N/A       99%         8
 Haunt                    Necr/Summ      7%         N/A       100%        7
 Ignition                 Fire           9%         3d5       100%        8
 Maxwell's Capacitive Co  Air            9%         ∞         100%        8
 Polar Vortex             Ice            20%        N/A       99%         9
 Chain Lightning          Conj/Air       16%        3d21      100%        9
 Fire Storm               Conj/Fire      16%        8d4       100%        9
 Statue Form              Tmut/Erth      Unusable   N/A       N/A         6
 Sublimation of Blood     Necr           Unusable   N/A       N/A         2

Dungeon Overview and Level Annotations

Branches:
Dungeon (15/15)            Temple (1/1) D:6            Lair (6/6) D:10
  Swamp (4/4) Lair:2       Spider (4/4) Lair:2        Slime (5/5) Lair:5
    Orc (2/2) D:11            Elf (3/3) Orc:2        Vaults (5/5) D:13
  Crypt (3/3) Vaults:3       Tomb (3/3) Crypt:3      Depths (5/5) D:15
   Hell (visited)             Dis (7/7) Hell            Geh (7/7) Hell
    Coc (7/7) Hell            Tar (7/7) Hell            Zot (5/5) Depths:5
  Sewer (visited)          Bailey (visited)          WizLab (visited)
Gauntlet (visited)

Altars:
Ashenzari
Cheibriados
Dithmenos
Elyvilon
Fedhas
Gozag
Hepliaklqana
Kikubaaqudgha
Makhleb
Nemelex Xobeh
Okawaru
Qazlal
Ru
Sif Muna
Trog
Uskayaw
Vehumet
Wu Jian
Xom
Yredelemnul
Zin
The Shining One
Jiyva

Shops:
D:5 (   D:13 *   Orc:1 *!   Orc:2 =(*=   Elf:1 [   Elf:2 :   Vaults:4 *

Portals:
Hell: Depths:1 Depths:2 Depths:3 Depths:4 Depths:5
Abyss: Depths:1 Depths:2 Depths:4
Pandemonium: Depths:3
Ziggurat: Depths:2

Annotations:
Elf:2 3 runed translucent doors
Depths:2 2 runed translucent doors
Zot:3 2 transporters, Nittaibb's ghost, master DsGl


Innate Abilities, Weirdness & Mutations

You are immune to sickness and miasma.
Your stone body is resilient. (AC +20)
You are immune to poison.
Your large and strong wings let you fly.
You resist negative energy. (rN+)
You are resistant to electric shocks. (rElec)
You are resistant to unholy torment.
You are immune to petrification.
You are partially covered in iridescent scales. (AC +2)
You tend to lose your temper in combat.
You are very clumsy. (Dex -4)
Armour fits poorly on your strangely shaped body.
Your body often deteriorates upon taking damage.
You are dopey. (Int -2)
Your magical capacity is very low. (-20% MP)
You frequently scream uncontrollably at your foes.
You are occasionally teleported next to monsters.
You are weak. (Str -2)
You sometimes lose the ability to read scrolls when taking damage.
You passively dampen the noise of your surroundings.


Message History

You fly upwards.
There is a stone staircase leading down here.
Things that are here:
19 arrows; a +0 shortbow
There is an open door here.
There is an open door here.
There is an open door here.
There is a stone staircase leading up here.
You fly upwards.
There is a stone staircase leading down here.
There is a stone staircase leading up here.
You fly upwards.
There is a stone staircase leading down here.
An orange demon comes into view.
The orange demon screeches!
There is a stone staircase leading up here.
You fly upwards.
There is a stone staircase leading down here.
A sun demon comes into view.
The sun demon shouts!
You block the sun demon's attack.
The golden flame engulfs you but does no damage.
You resist.
The golden flame engulfs the sun demon!!!
The sun demon writhes in agony!
The sun demon is severely wounded.
The sun demon completely misses you.
You now have 31/36 mp.
The golden flame engulfs you but does no damage.
You resist.
The golden flame engulfs the sun demon!!!
The sun demon writhes in agony!
You kill the sun demon!
The Shining One accepts your kill.
You feel your power returning.
You now have 30/36 mp.
There is an open door here.
There is an open door here.
There is a staircase leading out of the dungeon here.
You have escaped!

.#.####....#####.................
.##....#.....#.#..#..............
.......#...#..###.####.###...###.
##..##...##.....#..###.# #...# #.
#...###..##.###.##..#..###...###.
+...'....+...+...#..#............
#...###'##...###'##.#...##.####.#
##'##....##+##....#.#.####.# #.#
#...#....#...#..@.#.#.# #.# #.#
#...#....#...#...[#.#.# #.# #.#
#...######...######.#.# #.# #.#
..................).#.# #.####.#
...##################.####.#..#.#
.....).# #.....#......#..#.#
..####.# ##'###.########..#.#
...# #.# #...##.# #..#.# ..># #.#
#...##.########.^#.#


There were no monsters in sight!

Vanquished Creatures
  Cerebov (Pan)
  Antaeus (Coc:7)
  Asmodeus (Geh:7)
  the Royal Jelly (Slime:5)
  Ereshkigal (Tar:7)
  Gloorx Vloq (Pan)
  6 pandemonium lords
  the Serpent of Hell (Tar:7)
  Mnoleg (Pan)
  Lom Lobon (Pan)
  Dispater (Dis:7)
  6 dread liches
  6 orbs of fire
  Mara (Vaults:2)
  4 ancient liches
  A juggernaut (Depths:2)
  6 royal mummies
  Sojobo (Vaults:4)
  Bai Suzhen (Vaults:4)
  11 shard shrikes
  A Killer Klown (Zot:5)
  Xtahua (Vaults:3)
  5 golden dragons
  3 caustic shrikes
  Nikola (Depths:2)
  Geryon (Hell)
  A profane servitor (Abyss:1)
  the Enchantress (Depths:3)
  11 bone dragons
  An electric golem (Zot:5)
  4 doom hounds
  16 Brimstone Fiends
  27 Tzitzimimeh
  15 tentacled monstrosities
  6 Ice Fiends (Coc:7)
  A hellephant (Pan)
  8 iron giants
  Jorgrun (Swamp:1)
  18 Hell Sentinels
  12 liches
  9 titans
  20 Orb Guardians (Zot:5)
  2 deep elf master archers (Elf:3)
  2 deep elf blademasters (Elf:3)
  8 quicksilver dragons
  21 acid blobs
  Gastronok (D:8)
  24 Executioners
  3 death cobs
  2 draconian monks
  17 ancient champions
  Roxanne (D:14)
  8 tentacled starspawn
  Agnes (Spider:2)
  A thorn hunter (Swamp:4)
  The ghost of Silenth the Unseen, an adept KoHu of Okawaru (Swamp:1)
  The ghost of Anuqaetage the Severer, an adept HOFi of Beogh (Spider:4)
  11 tengu reavers
  18 sphinxes
  17 shadow dragons
  12 storm dragons
  2 revenants
  A fenstrider witch (Swamp:3)
  Donald (Swamp:2)
  15 frost giants
  2 draconian knights
  6 daevas
  5 rockslimes
  An azure jelly (shapeshifter) (Depths:1)
  11 fire giants
  4 draconian scorchers
  9 iron dragons
  5 emperor scorpions
  10 deep elf sorcerers
  6 azure jellies
  14 ghost moths
  Louise (Swamp:3)
  22 cacodemons
  3 vault wardens
  39 balrugs
  4 angels
  2 draconian annihilators (Pan)
  3 curse skulls
  2 draconian shifters
  5 warmongers (Pan)
  6 ghouls (Crypt:1)
  13 ironbound preservers
  A quicksilver ooze (shapeshifter) (Vaults:4)
  56 reapers
  14 quicksilver oozes
  30 stone giants
  2 deep elf elementalists (Elf:3)
  2 draconian stormcallers
  An ophan (Pan)
  The ghost of Imiczer the Cleaver, a journeyman FoFi of Okawaru (D:13)
  48 very ugly things
  The ghost of Thalamas the Severer, a journeyman MiBe of Trog (Lair:5)
  An apis (Pan)
  17 war gargoyles
  5 spriggan defenders
  3 corrupters (Pan)
  12 vampire knights
  4 bennus
  5 elemental wellsprings
  4 blood saints (Pan)
  6 green draconians
  9 black draconians
  18 purple draconians
  7 yellow draconians
  12 deep elf demonologists
  4 entropy weavers
  8 black suns (Pan)
  Nessos (D:13)
  4 red draconians
  6 bunyips
  24 lorocyprocas
  7 dire elephants
  14 deep elf annihilators
  5 white draconians
  12 spark wasps
  Azrael (Elf:2)
  9 statues (WizLab)
  A minotaur (Gauntlet)
  2 eleionomae
  23 ettins
  4 eidola
  24 blizzard demons
  4 crystal guardians
  12 deep elf death magi
  11 yaktaur captains
  9 green deaths (Pan)
  9 mummy priests
  Josephine (Orc:1)
  A quicksilver dragon zombie (Dis:7)
  5 deep elf high priests
  2 jiangshi (Crypt:2)
  18 great orbs of eyes
  9 fire dragons
  8 ironbound thunderhulks
  24 ice dragons
  5 hell beasts
  14 rakshasas
  A shambling mangrove (Swamp:4)
  Harold (D:9)
  16 hydras
  8 spriggan air magi
  4 peacekeepers
  6 boulder beetles
  4 monstrous demonspawn (Pan)
  2 catoblepae
  4 quicksilver dragon skeletons
  26 vault guards
  6 centaur warriors
  7 ghost crabs
  2 ironbound frosthearts
  6 ogre magi
  23 two-headed ogres
  A two-headed ogre (shapeshifter) (Depths:4)
  3 death knights
  11 death yaks
  17 deep troll earth magi
  26 dancing weapons
  13 deep troll shamans
  4 alligators
  11 tengu warriors
  5 vampire magi
  7 ironbound beastmasters
  15 titan zombies
  53 death scarabs
  2 spriggan berserkers
  12 hell knights
  44 hell hogs
  Urug (Lair:2)
  2 storm dragon zombies
  5 thrashing horrors (Abyss:3)
  Sonja (Lair:2)
  41 soul eaters
  51 sun demons
  15 spriggans
  15 deep elf knights
  105 skeletal warriors
  13 iron golems
  28 sixfirhies
  7 shadow wraiths
  5 spatial maelstroms
  25 iron trolls
  A salamander mystic (Depths:3)
  5 wretched stars
  8 titan skeletons
  4 storm dragon skeletons
  5 goliath frogs
  6 gelid demonspawn (Pan)
  7 glowing orange brains
  A ghost moth zombie (Dis:6)
  A spriggan druid (Swamp:2)
  8 infernal demonspawn (Pan)
  6 swamp dragons
  A death drake (Swamp:4)
  4 golden dragon zombies
  A cherub (Pan)
  15 bog bodies
  60 deep trolls
  11 anaconda zombies
  21 deep elf archers
  6 lindwurms
  15 flayed ghosts
  5 golden dragon skeletons
  3 spectral hydras (Swamp:4)
  14 shadow demons
  5 torturous demonspawn (Pan)
  18 wizards
  8 harpies
  9 ironbound convokers
  A wolf spider zombie (Coc:7)
  6 anaconda skeletons
  9 shining eyes
  24 phantasmal warriors
  5 shadow dragon zombies
  13 necromancers
  A cyclops (D:15)
  22 deep elf pyromancers
  5 orc knights
  A wolf spider (shapeshifter) (Elf:3)
  4 orc sorcerers
  25 deep elf zephyrmancers
  25 wolf spiders
  2 mana vipers (shapeshifter)
  4 iron dragon zombies
  A manticore (D:13)
  4 oklob plants (Lair:5)
  16 orb spiders
  7 frost giant zombies
  7 stone giant zombies
  47 ugly things
  4 shadow dragon skeletons
  4 will-o-the-wisps
  16 elephants
  2 worldbinders
  A cyclops (shapeshifter) (Vaults:5)
  6 fire giant zombies
  3 salamanders (Depths:3)
  A tengu skeleton (Depths:4)
  16 moths of wrath
  Maurice (Orc:1)
  5 fire giant skeletons
  4 draconians (Abyss:3)
  3 shock serpent zombies
  8 molten gargoyles
  7 black mambas
  47 rust devils
  An apocalypse crab (Abyss:2)
  20 vault sentinels
  3 iron dragon skeletons
  13 stone giant skeletons
  32 orange demons
  8 dire elephant zombies
  3 catoblepas zombies
  2 guardian serpents
  28 smoke demons
  7 eyes of devastation
  7 frost giant skeletons
  A gargoyle (D:11)
  2 ice statues (Coc:7)
  A torpor snail (Lair:3)
  An emperor scorpion zombie (Tar:2)
  Maggie (D:6)
  11 cane toads
  7 komodo dragons
  40 hellions
  Psyche (D:8)
  27 yaktaurs
  2 unseen horrors (Depths:1)
  8 dire elephant skeletons
  A rime drake (shapeshifter) (Vaults:5)
  A kobold demonologist (D:10)
  2 catoblepas skeletons
  7 rime drakes
  An unseen horror (shapeshifter) (Elf:2)
  2 swamp worm zombies (Swamp:4)
  2 efreet (Pan)
  A komodo dragon (shapeshifter) (Vaults:4)
  57 starcursed masses
  30 demonic crawlers
  22 hellwings
  A black draconian skeleton (Crypt:1)
  39 tormentors
  9 ancient zymes
  27 guardian mummies
  44 ice devils
  A pale draconian skeleton (Crypt:2)
  18 tengu conjurers
  3 meliai (D:14)
  24 freezing wraiths
  19 hydra zombies
  42 red devils
  3 harpy zombies
  2 silent spectres
  A death drake zombie (Crypt:2)
  2 meliai (shapeshifter)
  A jumping spider (shapeshifter) (D:15)
  4 polar bears (Lair:2)
  A wind drake (shapeshifter) (D:14)
  2 harpy skeletons
  31 jumping spiders
  5 raiju
  2 bloated husks
  28 hornets
  4 trolls
  4 hydra skeletons
  39 blink frogs
  7 ettin zombies
  9 tyrant leeches
  5 fire dragon zombies
  65 slime creatures
  A stone giant simulacrum (Hell)
  2 spectral swamp dragons (Swamp:4)
  15 alligator zombies
  A fire giant simulacrum (Crypt:1)
  8 ice dragon zombies
  11 dream sheep (Lair:5)
  A centaur simulacrum (D:14)
  112 flying skulls
  4 ettin skeletons
  2 frost giant simulacra
  63 redbacks
  6 fire dragon skeletons
  5 air elementals
  2 alligator skeletons
  An ice dragon skeleton (Crypt:3)
  29 wraiths
  37 shadows
  54 large abominations
  4 black mamba zombies
  A tarantella (shapeshifter) (Vaults:5)
  24 ynoxinuls
  A human (shapeshifter) (D:12)
  26 tarantellas
  6 wyverns
  12 fire elementals
  2 vampires
  9 water elementals
  Eustachio (D:6)
  58 yaks
  20 small abominations
  A basilisk (Lair:6)
  4 ushabtiu (Tomb:1)
  3 black mamba skeletons
  4 fire bats (Abyss:3)
  19 golden eyes
  8 vampire mosquitoes
  A wind drake skeleton (Crypt:2)
  4 spatial vortices
  2 steam dragons
  13 chaos spawn
  24 neqoxecs
  A warg (Orc:1)
  An infernal demonspawn zombie (Crypt:1)
  A merfolk zombie (Crypt:2)
  Edmund (D:6)
  13 swamp worms
  An orb spider zombie (Crypt:2)
  11 water moccasins
  A two-headed ogre zombie (Crypt:1)
  7 cane toad zombies
  A floating eye (shapeshifter) (Depths:2)
  3 hydra simulacra
  5 floating eyes (Pan)
  A merfolk skeleton (Tar:1)
  A hornet zombie (D:8)
  72 hell hounds
  7 black bears
  23 orc warriors
  4 swamp drakes
  An ice beast (Coc:3)
  A sky beast (D:6)
  A black bear (shapeshifter) (Elf:3)
  3 manticore zombies
  2 cane toad skeletons
  5 snapping turtle zombies
  27 necrophages
  2 swamp dragon zombies (Swamp:4)
  25 ogres
  3 swamp dragon skeletons
  A boggart (D:13)
  A black mamba simulacrum (Hell)
  2 manticore skeletons
  12 centaurs
  8 snapping turtle skeletons
  9 wolves
  8 phantoms
  A palentonga zombie (Crypt:1)
  10 kobold brigands
  3 elf zombies
  16 bullfrogs
  5 earth elementals
  A wyvern zombie (D:8)
  An elf skeleton (Geh:2)
  2 scorpions
  9 killer bees
  65 wights
  3 troll skeletons
  A yak skeleton (Crypt:2)
  10 electric eels
  8 howler monkeys
  A spriggan skeleton (Tar:1)
  16 crimson imps
  4 centaur zombies
  3 quasits
  4 centaur skeletons
  3 hounds
  3 human zombies
  7 orc priests
  5 jellies
  A bullfrog skeleton (D:6)
  46 iron imps
  A black bear skeleton (Crypt:2)
  12 orc wizards
  A basilisk skeleton (Crypt:1)
  2 spectral swamp drakes (Swamp:4)
  A killer bee zombie (D:8)
  An ogre zombie (Crypt:1)
  A tengu zombie (Tar:3)
  A naga zombie (Coc:7)
  2 hound skeletons
  23 mummies
  2 howler monkey zombies
  A gnoll (Bailey)
  9 adders
  A river rat (D:6)
  5 shadow imps
  16 white imps
  4 ufetubi
  A halfling skeleton (Crypt:1)
  2 adder skeletons (D:4)
  4 worms
  3 dart slugs
  56 orcs
  5 ball pythons
  6 endoplasms
  11 giant cockroaches
  13 goblins
  10 hobgoblins
  8 jackals
  6 quokkas
  8 bats
  10 frilled lizards
  44 kobolds
  A kobold zombie (Crypt:2)
  4 rats
  2 ball lightnings (Pan)
  6 briar patches (Swamp:4)
  2 fire vortices (Pan)
  8 starspawn tentacles
4539 creatures vanquished.

Vanquished Creatures (collateral kills)
  A death yak (Lair:6)
  A hellwing (Pan)
  2 slime creatures (Slime:4)
  A large abomination (Pan)
  A snapping turtle skeleton (Hell)
6 creatures vanquished.

Vanquished Creatures (others)
  An eldritch tentacle (Pan)
  A fire giant (Geh:7)
  A very ugly thing (Vaults:4)
  A cacodemon (Hell)
  A stone giant (Vaults:5)
  A vampire knight (Depths:4)
  An entropy weaver (Vaults:5)
  A blizzard demon (Pan)
  A dancing weapon (Crypt:3)
  An alligator (Swamp:4)
  An iron troll (Dis:7)
  A glowing orange brain (Depths:2)
  A large abomination (Pan)
  A necromancer (Hell)
  A wizard (Pan)
  3 deep elf zephyrmancers
  2 smoke demons (Pan)
  A tengu conjurer (WizLab)
  An ice devil (Coc:7)
  3 bloated husks (Swamp:4)
  A shadow dragon simulacrum (Hell)
  A slime creature (Slime:5)
  A spectral swamp dragon (Swamp:4)
  A wraith (Geh:1)
  A redback (Spider:4)
  A phantom (Swamp:4)
  A wight (Dis:6)
  2 iron imps
  An orc wizard (Orc:2)
  6 ball lightnings (Pan)
  14 foxfires
  46 fungi
  A lurking horror (Abyss:3)
  91 plants
  23 starspawn tentacles
216 creatures vanquished.

Grand Total: 4761 creatures vanquished

Notes
Turn   | Place    | Note
-------+----------+-------------------------------------------
     0 | D:1      | Helmschank the Gargoyle Fighter began the quest for the
                  | Orb.
     0 | D:1      | Reached XP level 1. HP: 14/14 MP: 1/1
    94 | D:1      | Reached XP level 2. HP: 6/19 MP: 2/2
  1015 | D:1      | You fall into a shaft and drop 1 floor!
  1030 | D:2      | Reached XP level 3. HP: 23/23 MP: 3/3
  1423 | D:2      | Reached XP level 4. HP: 23/29 MP: 4/4
  1580 | D:2      | Found a faded altar of an unknown god.
  2756 | D:3      | Found a shadowy altar of Dithmenos.
  3035 | D:4      | Reached XP level 5. HP: 33/33 MP: 5/5
  3088 | D:4      | Reached skill level 1 in Throwing
  3181 | D:4      | Reached skill level 1 in Evocations
  3457 | D:4      | Noticed a centaur
  3474 | D:4      | Killed a centaur
  3475 | D:4      | Reached XP level 6. HP: 31/38 MP: 4/6
  3565 | D:4      | Reached skill level 5 in Maces & Flails
  3654 | D:4      | Found a burning altar of Makhleb.
  3874 | D:5      | Entered Level 5 of the Dungeon
  4192 | D:5      | Found Xiodos's Hydra Hut.
  4197 | D:5      | Noticed a seven-headed hydra
  4326 | D:5      | Found a snail-covered altar of Cheibriados.
  4365 | D:5      | Reached XP level 7. HP: 30/43 MP: 4/7
  4696 | D:6      | Found a glowing drain.
  4713 | Sewer    | Entered a sewer
  4949 | Sewer    | Reached skill level 5 in Fighting
  5282 | D:6      | Noticed Maggie
  5283 | D:6      | Identified the +6 executioner's axe of Meoj {distort,
                  | Stlth+}
  5290 | D:6      | Reached skill level 1 in Dodging
  5294 | D:6      | Killed Maggie
  5295 | D:6      | Reached skill level 5 in Armour
  5295 | D:6      | Reached skill level 5 in Shields
  5295 | D:6      | Reached XP level 8. HP: 45/49 MP: 5/8
  5300 | D:6      | Noticed Eustachio
  5583 | D:6      | Killed Eustachio
  5825 | D:6      | Reached XP level 9. HP: 45/54 MP: 6/9
  5965 | D:6      | Found a staircase to the Ecumenical Temple.
  5974 | Temple   | Entered the Ecumenical Temple
  6025 | Temple   | Became a worshipper of the Shining One
  6083 | D:6      | Noticed Edmund
  6115 | D:6      | Killed Edmund
  6791 | D:7      | Reached skill level 1 in Invocations
  7050 | D:7      | Reached * piety under the Shining One
  7509 | D:8      | Noticed a hornet
  7519 | D:8      | Killed a hornet
  7520 | D:8      | Reached XP level 10. HP: 57/63 MP: 10/13
  7552 | D:8      | Identified the +5 rapier of the Equinox {pain, rN+ Int-2
                  | Dex+3 SInv}
  7702 | D:8      | Noticed Psyche
  7708 | D:8      | Killed Psyche
  7739 | D:8      | Found a glowing silver altar of Zin.
  7786 | D:8      | Found an iron altar of Okawaru.
  8056 | D:8      | Found a sparkling altar of Nemelex Xobeh.
  8063 | D:8      | Noticed Gastronok
  8130 | D:8      | Killed Gastronok
  8332 | D:9      | Reached ** piety under the Shining One
  8363 | D:8      | Reached skill level 5 in Invocations
  8717 | D:9      | Found a radiant altar of Vehumet.
  8876 | D:9      | Reached XP level 11. HP: 67/67 MP: 14/16
  9103 | D:9      | Found a blossoming altar of Fedhas.
  9443 | D:9      | Noticed Harold
  9460 | D:9      | Killed Harold
 10029 | D:10     | Entered Level 10 of the Dungeon
 10192 | D:10     | Found a stormy altar of Qazlal.
 10254 | D:10     | Noticed a two-headed ogre
 10260 | D:10     | Found a flagged portal.
 10313 | D:10     | Found a staircase to the Lair.
 10314 | D:10     | Found a sacrificial altar of Ru.
 10337 | D:10     | Found a large runed translucent door.
 10338 | D:10     | Found a large runed translucent door.
 10443 | Bailey   | Entered a bailey
 10487 | Bailey   | Reached skill level 10 in Maces & Flails
 10766 | Bailey   | Identified the +2 broad axe of Tartarus {freeze, Str+2
                  | Int+2}
 11025 | D:10     | Noticed a two-headed ogre
 11049 | D:9      | Killed a two-headed ogre
 11050 | D:9      | Reached skill level 1 in Axes
 11972 | D:10     | Found a basalt altar of Yredelemnul.
 11977 | D:10     | Found a bloodstained altar of Trog.
 12313 | D:11     | Found a staircase to the Orcish Mines.
 12313 | D:11     | Reached *** piety under the Shining One
 12341 | D:11     | Reached skill level 5 in Axes
 12514 | D:11     | Reached XP level 12. HP: 76/76 MP: 15/17
 12823 | Lair:1   | Entered Level 1 of the Lair of Beasts
 12830 | Lair:1   | Identified the +6 war axe "Makit" {holy, rC- rCorr SInv
                  | Stlth+}
 13221 | Lair:1   | Found a hazy altar of Hepliaklqana.
 13531 | Lair:1   | Identified the +8 broad axe of Governance {flame, rC+}
 14101 | Lair:2   | Noticed a five-headed hydra
 14109 | Lair:2   | Killed a one-headed hydra
 14110 | Lair:2   | Reached skill level 10 in Fighting
 14324 | Lair:2   | Noticed Sonja
 14354 | Lair:2   | Noticed a four-headed hydra
 14370 | Lair:1   | Killed a one-headed hydra
 14409 | Lair:2   | Found a basalt altar of Yredelemnul.
 14632 | Lair:2   | Found a staircase to the Swamp.
 14692 | Lair:2   | Found a hole to the Spider Nest.
 14692 | Lair:2   | Reached **** piety under the Shining One
 14704 | Lair:2   | Reached XP level 13. HP: 66/84 MP: 14/18
 14801 | Lair:2   | Noticed Urug
 14814 | Lair:2   | Killed Urug
 15686 | Lair:3   | Found the +4 skin of Zhor {*Englaciate rC+++ SInv}
 15848 | Lair:3   | Reached skill level 10 in Armour
 15848 | Lair:3   | Reached skill level 10 in Shields
 16764 | Lair:4   | Identified 4 scrolls of acquirement
 16764 | Lair:4   | Acquired a +0 eveningstar of protection
 17274 | Lair:5   | Found a runed translucent gate.
 17276 | Lair:5   | Found a runed translucent gate.
 17277 | Lair:5   | Found a runed translucent gate.
 17917 | Lair:5   | Found a staircase to the Slime Pits.
 18069 | Lair:5   | Reached skill level 10 in Invocations
 18207 | Lair:5   | Gained mutation: Your large and strong wings let you fly.
                  | [Gargoyle growth]
 18207 | Lair:5   | Reached XP level 14. HP: 90/90 MP: 19/21
 18609 | Lair:5   | Noticed a quicksilver ooze
 18609 | Lair:5   | Noticed Thalamas's ghost (journeyman MiBe)
 18609 | Lair:5   | Noticed a quicksilver ooze
 18611 | Lair:5   | Found a viscous altar of Jiyva.
 18960 | Lair:6   | Entered Level 6 of the Lair of Beasts
 18960 | Lair:6   | Reached ***** piety under the Shining One
 19417 | Lair:6   | Reached skill level 10 in Axes
 20588 | Lair:6   | Reached skill level 5 in Throwing
 20604 | Lair:6   | Reached XP level 15. HP: 78/96 MP: 18/22
 22251 | Orc:1    | Entered Level 1 of the Orcish Mines
 22323 | Orc:1    | Noticed Maurice
 22345 | Orc:1    | Paralysed by Maurice for 6 turns
 22353 | Orc:1    | Killed Maurice
 22597 | Orc:1    | Found Demoval's Distillery.
 22605 | Orc:1    | Bought 2 potions of magic for 240 gold pieces
 22605 | Orc:1    | Bought a potion of magic for 120 gold pieces
 22605 | Orc:1    | Bought a potion of haste for 150 gold pieces
 22605 | Orc:1    | Bought 2 potions of haste for 300 gold pieces
 22605 | Orc:1    | Bought a potion of mutation for 120 gold pieces
 22605 | Orc:1    | Bought a potion of lignification for 45 gold pieces
 22855 | Orc:2    | Entered Level 2 of the Orcish Mines
 23420 | Orc:2    | Reached ****** piety under the Shining One
 23637 | Orc:2    | Found a staircase to the Elven Halls.
 24365 | Orc:2    | Identified a +3 broad axe of holy wrath (a +1 broad axe
                  | blessed by the Shining One)
 24365 | Orc:2    | Received a gift from the Shining One
 24410 | Orc:2    | Found Umearup's Weapon Emporium.
 24410 | Orc:2    | Found Impirgh's Jewellery Shop.
 24412 | Orc:2    | Found Jiculu's Jewellery Boutique.
 24412 | Orc:2    | Found Xemetz's Assorted Antiques.
 24436 | Orc:2    | Bought the ring "Kykhlyonn" {rElec rPois rCorr} for 649
                  | gold pieces
 24436 | Orc:2    | Bought the amulet "Beleilal" {Acrobat Regen+ Int+4} for 771
                  | gold pieces
 24693 | Orc:1    | Found Risy's General Store.
 24693 | Orc:1    | Noticed Josephine
 24699 | Orc:1    | Killed Josephine
 24874 | Lair:1   | Acquired a manual of Earth Magic
 24876 | Lair:1   | Acquired the ring of Dishonour {Will+ Int+6}
 24878 | Lair:1   | Acquired the +0 pair of gloves of Dithmenos's Whim {rElec
                  | rF+ rC+ Str+2 SInv}
 24953 | Lair:2   | Killed Sonja
 24973 | Spider:1 | Entered Level 1 of the Spider Nest
 24995 | Spider:1 | Reached XP level 16. HP: 91/104 MP: 23/23
 25256 | Spider:1 | Reached skill level 5 in Dodging
 26362 | Spider:2 | Noticed Agnes
 26377 | Spider:2 | Killed Agnes
 27088 | Spider:3 | Learned a level 4 spell: Leda's Liquefaction
 27092 | Spider:3 | Learned a level 3 spell: Tukima's Dance
 27159 | Spider:3 | Reached skill level 5 in Evocations
 27315 | Spider:3 | Acquired a manual of Translocations
 28090 | Spider:4 | Entered Level 4 of the Spider Nest
 28420 | Spider:4 | Reached XP level 17. HP: 102/108 MP: 26/26
 28520 | Spider:4 | Found a runed translucent gate.
 28521 | Spider:4 | Found a runed translucent gate.
 28522 | Spider:4 | Found a runed translucent gate.
 28523 | Spider:4 | Noticed Anuqaetage's ghost (adept HOFi)
 28593 | Spider:4 | Killed Anuqaetage's ghost
 29687 | Spider:4 | Got a gossamer rune of Zot
 30269 | Lair:5   | Killed Thalamas's ghost
 30432 | Swamp:1  | Entered Level 1 of the Swamp
 30512 | Swamp:1  | Noticed Jorgrun
 30552 | Swamp:1  | Killed Jorgrun
 30653 | Swamp:1  | Acquired 773 gold pieces
 30842 | Swamp:1  | Found a large runed translucent door.
 30842 | Swamp:1  | Found a large runed translucent door.
 30844 | Swamp:1  | Noticed Silenth's ghost (adept KoHu)
 31077 | Swamp:1  | Killed Silenth's ghost
 31506 | Swamp:2  | Reached XP level 18. HP: 79/118 MP: 11/27
 31615 | Swamp:2  | Reached skill level 15 in Fighting
 32263 | Swamp:3  | Noticed Louise
 32266 | Swamp:3  | Noticed Donald
 32311 | Swamp:2  | Killed Donald
 32383 | Swamp:3  | Killed Louise
 32395 | Swamp:3  | Identified the +2 falchion of Contradiction {vorpal, *Slow
                  | rCorr Dex+7 SInv Stlth+}
 33067 | Swamp:4  | Entered Level 4 of the Swamp
 33308 | Swamp:4  | Got the Volume of the Scorching Rocks
 33445 | Swamp:4  | Noticed a tentacled monstrosity
 33523 | Swamp:4  | Killed a tentacled monstrosity
 33995 | Swamp:4  | Noticed a bone dragon
 34115 | Swamp:4  | Killed a bone dragon
 34134 | Swamp:4  | Got a decaying rune of Zot
 34725 | D:13     | Found Onkaol's General Store.
 34737 | D:13     | Bought a potion of haste for 140 gold pieces
 34781 | D:13     | Noticed Nessos
 34789 | D:13     | Killed Nessos
 35136 | D:13     | Reached XP level 19. HP: 125/125 MP: 28/28
 35207 | D:13     | Found a gate to the Vaults.
 35750 | D:14     | Found a runed translucent door.
 35750 | D:14     | Found a shimmering altar of Xom.
 35750 | D:14     | Identified the +8 broad axe of Cozovusi {chaos, Dex+4}
 35750 | D:14     | Noticed Imiczer's ghost (journeyman FoFi)
 35790 | D:13     | Killed Imiczer's ghost
 35853 | D:14     | Got the Almanac of Axaxaxas mlö
 35870 | D:14     | Got the Papyrus of Sand
 35931 | D:14     | Got the Almanac of Dhcmrlchtdj
 36076 | D:14     | Identified Roxanne's Grimoire of Moulding
 36076 | D:14     | Noticed Roxanne
 36170 | D:14     | Killed Roxanne
 36972 | D:15     | Entered Level 15 of the Dungeon
 37043 | D:15     | Found a gate leading to a gauntlet.
 37054 | Gauntlet | Entered a Gauntlet
 37054 | Gauntlet | Found a transporter.
 37063 | Gauntlet | Found a transporter.
 37080 | Gauntlet | Found a transporter.
 37084 | Gauntlet | Found a transporter.
 37105 | Gauntlet | Found a transporter.
 37118 | Gauntlet | Found a transporter.
 37123 | Gauntlet | Found a transporter.
 37127 | Gauntlet | Found a transporter.
 37150 | Gauntlet | Found a transporter.
 37179 | Gauntlet | Found a transporter.
 37179 | Gauntlet | Found a transporter.
 37184 | Gauntlet | Found a transporter.
 37414 | Gauntlet | Identified the +0 helmet of Objectivity {-Cast rC+ rN+++
                  | Str+4}
 37524 | Gauntlet | Got the Incunabulum of Unholy Secrets and Confrontation
 37810 | D:15     | Found a shimmering altar of Xom.
 38004 | D:15     | Found a staircase to the Depths.
 38149 | Vaults:1 | Entered Level 1 of the Vaults
 38995 | Vaults:1 | Reached skill level 15 in Shields
 40014 | Vaults:2 | Reached XP level 20. HP: 131/131 MP: 29/29
 40046 | Vaults:2 | Learned a level 2 spell: Wereblood
 40108 | Vaults:2 | Reached skill level 1 in Spellcasting
 40226 | Vaults:2 | Noticed Mara
 40267 | Vaults:2 | Reached skill level 1 in Transmutations
 40277 | Vaults:2 | Killed Mara
 40299 | Vaults:2 | Paralysed by a great orb of eyes for 2 turns
 40521 | Vaults:2 | Paralysed by a great orb of eyes for 5 turns
 41343 | Vaults:3 | Noticed Xtahua
 41367 | Vaults:3 | Paralysed by Xtahua for 3 turns
 41373 | Vaults:3 | Killed Xtahua
 41646 | Vaults:3 | Reached skill level 1 in Earth Magic
 41700 | Vaults:3 | Reached skill level 1 in Hexes
 42363 | Vaults:3 | Reached skill level 5 in Earth Magic
 42372 | Vaults:3 | Reached skill level 15 in Axes
 42727 | Vaults:3 | Found a staircase to the Crypt.
 43326 | Vaults:4 | Reached XP level 21. HP: 136/136 MP: 31/31
 43351 | Vaults:4 | Paralysed by a great orb of eyes for 6 turns
 43683 | Vaults:4 | Found Mituh's Assorted Antiques.
 43711 | Vaults:4 | Bought a scroll of magic mapping for 101 gold pieces
 43711 | Vaults:4 | Bought a scratched brass ring for 145 gold pieces
 43711 | Vaults:4 | Bought a spiked buckler for 275 gold pieces
 43711 | Vaults:4 | Identified the +3 buckler of Cailicha {rElec rPois rF+}
                  | (You bought it in a shop on level 4 of the Vaults)
 43711 | Vaults:4 | Bought a potion of lignification for 87 gold pieces
 43724 | Vaults:4 | Noticed Sojobo
 43765 | Vaults:4 | Killed Sojobo
 44130 | Vaults:4 | Noticed Bai Suzhen
 44149 | Vaults:4 | Killed Bai Suzhen
 44900 | Vaults:4 | Learned a level 2 spell: Passwall
 45106 | Elf:1    | Entered Level 1 of the Elven Halls
 45349 | Elf:1    | Found Ykiraox's Armour Boutique.
 45681 | Elf:1    | Reached skill level 10 in Throwing
 46063 | Elf:1    | Reached XP level 22. HP: 72/145 MP: 32/32
 46279 | Elf:2    | Noticed Azrael
 46295 | Elf:2    | Killed Azrael
 46419 | Elf:2    | Found Wituhupt's Book Boutique.
 46463 | Elf:2    | Bought a book of Transfigurations for 680 gold pieces
 46469 | Elf:2    | Learned a level 5 spell: Irradiate
 46582 | Elf:2    | Reached skill level 1 in Conjurations
 46587 | Elf:2    | Found a runed translucent gate.
 46588 | Elf:2    | Found a runed translucent gate.
 46588 | Elf:2    | Found a runed translucent gate.
 46944 | Elf:3    | Entered Level 3 of the Elven Halls
 47598 | Elf:3    | Learned a level 4 spell: Sticky Flame
 47668 | Elf:3    | Identified the +7 glaive of the Many Wars {vorpal, Str+2
                  | Dex+5}
 47668 | Elf:3    | Identified the ring of the Thieving King {Ice +Blink}
 47727 | Elf:3    | Cast into level 2 of the Abyss (a deep elf demonologist)
 48315 | Elf:3    | Escaped the Abyss
 48324 | Elf:3    | Identified the ring of Zug Fec {rPois rC+ Int+4 Dex-3}
 48385 | Elf:3    | Identified the ring "Jeolerph" {rC+ Int+3 Slay+4}
 48458 | Elf:3    | Cast into level 2 of the Abyss (a deep elf demonologist)
 48611 | Abyss:2  | Reached skill level 5 in Conjurations
 48618 | Abyss:2  | Reached skill level 5 in Transmutations
 48674 | Abyss:2  | Found a corrupted altar of Lugonu.
 48677 | Elf:3    | Escaped the Abyss
 48698 | Elf:3    | Cast into level 3 of the Abyss (a deep elf demonologist)
 48930 | Abyss:3  | Reached XP level 23. HP: 140/152 MP: 31/33
 49169 | Abyss:3  | Reached skill level 5 in Hexes
 49189 | Elf:3    | Escaped the Abyss
 49308 | Elf:3    | Reached skill level 15 in Armour
 49394 | Elf:3    | Learned a level 6 spell: Iron Shot
 49396 | Elf:3    | Found the +0 staff of Battle
 49402 | Elf:3    | Identified the +6 hand crossbow "Faujur" {freeze, +Blink
                  | rN+ Will- Str+5}
 50006 | Depths:1 | Entered Level 1 of the Depths
 50119 | Depths:1 | Found a magical portal.
 50148 | WizLab   | Entered Iskenderun's Mystic Tower
 51146 | WizLab   | Got Iskenderun's Disquisition on Confrontation
 51146 | WizLab   | Got Sif Muna's Catalogue of Execration
 51163 | WizLab   | Identified the +2 robe of the Moon {rC+}
 51330 | Depths:1 | Found a glowing golden altar of the Shining One.
 52222 | Depths:1 | Found a gateway to Hell.
 52237 | Depths:1 | Found a one-way gate to the infinite horrors of the Abyss.
 52439 | Depths:2 | Reached XP level 24. HP: 150/157 MP: 33/33
 52593 | Hell     | Entered the Vestibule of Hell
 52593 | Hell     | Noticed Geryon
 53185 | Depths:2 | Reached skill level 15 in Invocations
 53272 | Depths:2 | Found a runed translucent door.
 53272 | Depths:2 | Found a runed translucent door.
 53325 | Depths:2 | Found a gateway to a ziggurat.
 53376 | Depths:2 | Found an iron altar of Okawaru.
 53498 | Depths:2 | Identified the +6 leather armour "Kadaw" {Regen+}
 53521 | Depths:2 | Identified the ring of Lunyvvil {rPois Will+ Int+4 SInv}
 53537 | Depths:2 | Identified the +7 chain mail of Narcissism {rPois}
 53776 | Depths:2 | Noticed a caustic shrike
 53786 | Depths:2 | Killed a caustic shrike
 53847 | Depths:2 | Noticed a juggernaut
 53867 | Depths:2 | Killed a juggernaut
 53928 | Depths:2 | Identified the +6 scythe of Gin and Tonic {flame, rElec
                  | Str+7 Dex-2}
 54078 | Depths:2 | Identified the +1 chain mail of the Black Moon {Int+2}
 54176 | Depths:2 | Identified the ring of Ytuvunit {AC+4 Str+4 Int+3 SInv}
 54183 | Depths:2 | Reached skill level 10 in Earth Magic
 54551 | Depths:2 | Reached XP level 25. HP: 163/163 MP: 34/35
 54553 | Depths:2 | Noticed Nikola
 54578 | Depths:2 | Killed Nikola
 54604 | Depths:2 | Identified the +0 plate armour of Poghacat {Will- Regen+
                  | Int+7 Dex-4}
 54968 | Depths:2 | Identified the +5 shortbow "Essuipp" {freeze, +Blink Dex+3
                  | SInv}
 55063 | Depths:2 | Found the +11 plutonium sword {Contam Stlth-}
 55064 | Depths:2 | Identified the +3 falchion of Quick Death {pain, rC+}
 55619 | Depths:3 | Noticed the Enchantress
 55636 | Depths:3 | Killed the Enchantress
 55646 | Depths:3 | Reached skill level 5 in Spellcasting
 56184 | Depths:3 | Found a one-way gate leading to the halls of Pandemonium.
 56833 | Depths:4 | Paralysed by a vampire knight for 5 turns
 57160 | Depths:4 | Paralysed by a vampire knight for 2 turns
 57195 | Depths:4 | Reached XP level 26. HP: 102/174 MP: 15/35
 57410 | Depths:4 | Identified the +6 trident of Boorahou {freeze, rElec rF++
                  | Dex+2}
 57904 | Depths:5 | Entered Level 5 of the Depths
 58548 | Depths:5 | Reached skill level 10 in Dodging
 58666 | Depths:5 | Found a gate to the Realm of Zot.
 58781 | Depths:5 | Found a hazy altar of Hepliaklqana.
 59574 | Vaults:5 | Entered Level 5 of the Vaults
 59705 | Vaults:5 | Paralysed by a sphinx for 2 turns
 59806 | Vaults:5 | Noticed a dread lich
 59821 | Vaults:4 | Killed a dread lich
 59856 | Vaults:4 | Reached XP level 27. HP: 151/179 MP: 34/35
 60083 | Vaults:5 | Noticed a dread lich
 60103 | Vaults:5 | Killed a dread lich
 60264 | Vaults:5 | Reached skill level 15 in Earth Magic
 60409 | Vaults:5 | Noticed a dread lich
 60425 | Vaults:5 | Killed a dread lich
 60726 | Vaults:5 | Identified the +2 pair of gloves "Ujorunu" {+Blink Regen+
                  | Int+4}
 60750 | Vaults:5 | Got a silver rune of Zot
 60899 | Vaults:5 | Identified the +9 dagger "Decob" {holy, Str+4}
 61342 | Vaults:5 | Found the ring of Shadows {Umbra +Inv Stlth+}
 61687 | Depths:1 | Voluntarily entered the Abyss.
 61725 | Abyss:1  | Noticed an ancient lich
 61733 | Abyss:1  | Killed an ancient lich
 61734 | Abyss:1  | Reached skill level 10 in Conjurations
 61776 | Abyss:1  | Reached skill level 1 in Fire Magic
 61813 | Abyss:1  | Noticed a dread lich
 61818 | Abyss:1  | Killed a dread lich
 62002 | Abyss:3  | Found a corrupted altar of Lugonu.
 62126 | Abyss:3  | Paralysed by accursed screaming for 1 turns
 62363 | Abyss:3  | Found a corrupted altar of Lugonu.
 62610 | Abyss:3  | Found a transporter.
 62648 | Abyss:3  | Noticed an ancient lich
 62670 | Abyss:3  | Killed an ancient lich
 62671 | Abyss:3  | Reached skill level 10 in Spellcasting
 62721 | Abyss:3  | Found a transporter.
 62736 | Abyss:3  | Got an abyssal rune of Zot
 62780 | Abyss:3  | Found a transporter.
 62790 | Depths:1 | Escaped the Abyss
 63219 | Slime:1  | Entered Level 1 of the Pits of Slime
 63519 | Slime:1  | Learned a level 4 spell: Animate Armour
 63553 | Slime:2  | Gained mutation: You are frail. (-10% HP) [a shining eye]
 63577 | Slime:2  | Gained mutation: Your body sometimes deteriorates upon
                  | taking damage. [a shining eye]
 63710 | Slime:1  | Lost mutation: You are frail. (-10% HP) [potion of
                  | mutation]
 63710 | Slime:1  | Lost mutation: Your body sometimes deteriorates upon taking
                  | damage. [potion of mutation]
 63710 | Slime:1  | Gained mutation: Your muscles are strong. (Str +2) [potion
                  | of mutation]
 63710 | Slime:1  | Gained mutation: Your muscles are very strong. (Str +4)
                  | [potion of mutation]
 63748 | Slime:2  | Learned a level 5 spell: Bolt of Magma
 63754 | Slime:3  | Learned a level 3 spell: Summon Guardian Golem
 63858 | Slime:4  | Reached skill level 1 in Summonings
 63888 | Slime:5  | Entered Level 5 of the Pits of Slime
 64166 | Slime:5  | Gained mutation: Armour fits poorly on your strangely
                  | shaped body. [a shining eye]
 64167 | Slime:5  | Lost mutation: Your muscles are very strong. (Str +4) [a
                  | shining eye]
 64190 | Slime:5  | Noticed the Royal Jelly
 64232 | Slime:4  | Lost mutation: Armour fits poorly on your strangely shaped
                  | body. [potion of mutation]
 64232 | Slime:4  | Gained mutation: You tend to lose your temper in combat.
                  | [potion of mutation]
 64232 | Slime:4  | Gained mutation: You passively dampen the noise of your
                  | surroundings. [potion of mutation]
 64232 | Slime:4  | Gained mutation: Your spells are a little harder to cast,
                  | but a little more powerful. [potion of mutation]
 64233 | Slime:4  | Lost mutation: Your muscles are strong. (Str +2) [potion of
                  | mutation]
 64233 | Slime:4  | Lost mutation: Your spells are a little harder to cast, but
                  | a little more powerful. [potion of mutation]
 64233 | Slime:4  | Lost mutation: You tend to lose your temper in combat.
                  | [potion of mutation]
 64233 | Slime:4  | Gained mutation: You possess an exceptional clarity of
                  | mind. [potion of mutation]
 64233 | Slime:4  | Gained mutation: You have sharp toenails. [potion of
                  | mutation]
 64233 | Slime:4  | Gained mutation: You are robust. (+10% HP) [potion of
                  | mutation]
 64233 | Slime:4  | Gained mutation: You are covered in fur. (AC +1) [potion of
                  | mutation]
 64252 | Slime:5  | Killed the Royal Jelly
 64352 | Slime:5  | Paralysed by a great orb of eyes for 5 turns
 64415 | Slime:5  | Learned a level 5 spell: Lee's Rapid Deconstruction
 64426 | Slime:5  | Found the +5 robe of Misfortune {Contam Harm *Corrode Drain
                  | *Slow EV+5}
 64433 | Slime:5  | Identified the +9 battleaxe "Ojamag" {freeze, *Slow rCorr
                  | Int+2 Dex+6}
 64440 | Slime:5  | Got a slimy rune of Zot
 64979 | Pan      | Entered Pandemonium
 65691 | Pan      | Noticed Noydep the pandemonium lord
 65733 | Pan      | Killed Noydep the pandemonium lord
 65794 | Pan      | Identified the +3 chain mail of Filth {rElec Str+4}
 66213 | Pan      | Entered the realm of Mnoleg.
 66226 | Pan      | Lost mutation: You possess an exceptional clarity of mind.
                  | [a cacodemon]
 66227 | Pan      | Gained mutation: You are weak. (Str -2) [a neqoxec]
 66297 | Pan      | Lost mutation: You are robust. (+10% HP) [a cacodemon]
 66436 | Pan      | Gained mutation: Your body sometimes deteriorates upon
                  | taking damage. [a neqoxec]
 66456 | Pan      | Gained mutation: You are very weak. (Str -4) [a cacodemon]
 66476 | Pan      | Gained mutation: Your body often deteriorates upon taking
                  | damage. [a neqoxec]
 66500 | Pan      | Gained mutation: Your spells are a little easier to cast,
                  | but a little less powerful. [a shining eye]
 66506 | Pan      | Gained mutation: You are dopey. (Int -2) [a neqoxec]
 66508 | Pan      | Gained mutation: You are clumsy. (Dex -2) [a shining eye]
 66517 | Pan      | Lost mutation: You are covered in fur. (AC +1) [potion of
                  | mutation]
 66517 | Pan      | Lost mutation: You are dopey. (Int -2) [potion of mutation]
 66518 | Pan      | Lost mutation: Your body often deteriorates upon taking
                  | damage. [potion of mutation]
 66518 | Pan      | Lost mutation: Your body sometimes deteriorates upon taking
                  | damage. [potion of mutation]
 66518 | Pan      | Gained mutation: Armour fits poorly on your strangely
                  | shaped body. [potion of mutation]
 66519 | Pan      | Lost mutation: You are very weak. (Str -4) [potion of
                  | mutation]
 66519 | Pan      | Lost mutation: Armour fits poorly on your strangely shaped
                  | body. [potion of mutation]
 66519 | Pan      | Lost mutation: Your spells are a little easier to cast, but
                  | a little less powerful. [potion of mutation]
 66523 | Pan      | Gained mutation: You have a pair of small antennae on your
                  | head. [a shining eye]
 66567 | Pan      | Identified the ring "Putrec" {rC+ EV+4 Slay+5}
 66618 | Pan      | Gained mutation: You are frail. (-10% HP) [a cacodemon]
 66655 | Pan      | Noticed Mnoleg
 66687 | Pan      | Killed Mnoleg
 66774 | Pan      | Identified the ring of Otammom {Ice MP+9}
 66805 | Pan      | Reached skill level 10 in Transmutations
 66819 | Pan      | Got a glowing rune of Zot
 66933 | Pan      | Gained mutation: Your body sometimes deteriorates upon
                  | taking damage. [a cacodemon]
 67004 | Pan      | Learned a level 3 spell: Ozocubu's Armour
 67148 | Pan      | Reached skill level 1 in Ice Magic
 67531 | Pan      | Noticed Ysmoem the pandemonium lord
 67555 | Pan      | Killed Ysmoem the pandemonium lord
 67939 | Pan      | Found a runed translucent door.
 67977 | Pan      | Got a demonic rune of Zot
 68088 | Pan      | Reached skill level 5 in Ice Magic
 68193 | Pan      | Gained mutation: You expend magic power (3 MP) to
                  | strengthen your wands. [a neqoxec]
 68200 | Pan      | Gained mutation: Armour fits poorly on your strangely
                  | shaped body. [a neqoxec]
 68208 | Pan      | Found an exit through the horrors of the Abyss.
 68254 | Pan      | Lost mutation: You expend magic power (3 MP) to strengthen
                  | your wands. [potion of mutation]
 68254 | Pan      | Lost mutation: You are frail. (-10% HP) [potion of
                  | mutation]
 68254 | Pan      | Gained mutation: You have a pair of antennae on your head.
                  | [potion of mutation]
 68254 | Pan      | Gained mutation: You are very weak. (Str -4) [potion of
                  | mutation]
 69002 | Pan      | Noticed Qador the pandemonium lord
 69016 | Pan      | Killed Qador the pandemonium lord
 69301 | Pan      | Gained mutation: Your magical capacity is very low. (-20%
                  | MP) [a cacodemon]
 69303 | Pan      | Lost mutation: You are very weak. (Str -4) [a cacodemon]
 69573 | Pan      | Entered the realm of Cerebov.
 69820 | Pan      | Identified the +0 scale mail of the Shining Light {rElec
                  | rF- rN+}
 69837 | Pan      | Learned a level 3 spell: Frozen Ramparts
 69894 | Pan      | Learned a level 5 spell: Freezing Cloud
 69965 | Pan      | Identified the amulet of Kuraots {Reflect rF+ SH+5}
 70114 | Pan      | Found the +6 sword of Cerebov {flame}
 70114 | Pan      | Noticed Cerebov
 70177 | Pan      | Killed Cerebov
 70237 | Pan      | Identified the amulet "Ehotiv" {Reflect Dex+3 Slay+3 SH+5}
 70241 | Pan      | Identified the +2 shortbow of the Big Bang {vorpal, rPois
                  | rF+}
 70242 | Pan      | Identified the +7 rapier "Ultimatum" {protect, rF+ Will+
                  | Stlth+}
 70274 | Pan      | Got a fiery rune of Zot
 70559 | Pan      | Got the Tome of Unstable Calling
 70565 | Pan      | Identified the ring "Noseuf" {rF+ Str+5 SInv}
 70690 | Pan      | Found an exit through the horrors of the Abyss.
 70746 | Pan      | Reached skill level 10 in Ice Magic
 70832 | Pan      | Entered the realm of Gloorx Vloq.
 70936 | Pan      | Noticed Gloorx Vloq
 70963 | Pan      | Lost mutation: Your body sometimes deteriorates upon taking
                  | damage. [potion of mutation]
 70963 | Pan      | Lost mutation: Your magical capacity is low. (-10% MP)
                  | [potion of mutation]
 70963 | Pan      | Gained mutation: You are robust. (+10% HP) [potion of
                  | mutation]
 70963 | Pan      | Lost mutation: You are robust. (+10% HP) [potion of
                  | mutation]
 70999 | Pan      | Killed Gloorx Vloq
 71085 | Pan      | Got a dark rune of Zot
 71509 | Pan      | Reached skill level 1 in Air Magic
 72253 | Pan      | Found an exit through the horrors of the Abyss.
 72504 | Pan      | Noticed Fiusun the pandemonium lord
 72524 | Pan      | Killed Fiusun the pandemonium lord
 72609 | Pan      | Found an exit through the horrors of the Abyss.
 72646 | Pan      | Noticed Buem the pandemonium lord
 72669 | Pan      | Killed Buem the pandemonium lord
 72717 | Pan      | Entered the realm of Lom Lobon.
 72717 | Pan      | Found an exit through the horrors of the Abyss.
 73080 | Pan      | Noticed Lom Lobon
 73099 | Pan      | Killed Lom Lobon
 73215 | Pan      | Got a magical rune of Zot
 73399 | Depths:3 | Escaped Pandemonium
 73503 | Hell     | Killed Geryon
 73571 | Hell     | Found a gateway to the Iron City of Dis.
 73635 | Hell     | Found a gateway to the ashen valley of Gehenna.
 73848 | Hell     | Found a gateway to the decaying netherworld of Tartarus.
 73916 | Hell     | Found a gateway to the freezing wastes of Cocytus.
 74788 | Tar:1    | Entered Level 1 of Tartarus
 75784 | Tar:2    | Paralysed by a vampire knight for 4 turns
 77345 | Tar:7    | Entered Level 7 of Tartarus
 77491 | Tar:7    | Reached skill level 15 in Conjurations
 77561 | Tar:7    | Noticed the Serpent of Hell
 77587 | Tar:7    | Killed the Serpent of Hell
 77769 | Tar:7    | Noticed Ereshkigal
 77772 | Tar:7    | Paralysed by Ereshkigal for 7 turns
 77807 | Tar:7    | Killed Ereshkigal
 77879 | Tar:7    | Got a bone rune of Zot
 78059 | Geh:1    | Entered Level 1 of Gehenna
 78769 | Geh:5    | You are sucked into a shaft and drop 1 floor!
 78904 | Geh:7    | Entered Level 7 of Gehenna
 79134 | Geh:7    | Identified the +4 ring mail of the Butterfly {rC+ rCorr}
 79231 | Geh:7    | Identified the +5 glaive of Winter {protect, rC- Will+
                  | rCorr MP+9 Dex+4}
 79232 | Geh:7    | Identified the +0 mace of Beyond {freeze, rElec rPois
                  | Will+}
 79345 | Geh:7    | Learned a level 3 spell: Portal Projectile
 79374 | Geh:7    | Identified the +2 robe "Fereg" {Will++}
 79401 | Geh:7    | Reached skill level 1 in Translocations
 79482 | Geh:7    | Identified the +10 great mace of Terra Nullius {drain,
                  | rElec Str+3}
 79515 | Geh:7    | Found the +7 sceptre of Asmodeus
 79515 | Geh:7    | Noticed Asmodeus
 79549 | Geh:7    | Killed Asmodeus
 79614 | Geh:7    | Got an obsidian rune of Zot
 79807 | Coc:1    | Entered Level 1 of Cocytus
 80274 | Coc:5    | Reached skill level 5 in Translocations
 80446 | Coc:7    | Entered Level 7 of Cocytus
 80849 | Coc:7    | Noticed Antaeus
 80882 | Coc:7    | Killed Antaeus
 80972 | Coc:7    | Identified the +4 mace "Faoguuq" {elec, *Noise Fly Str-3
                  | Dex+8}
 80977 | Coc:7    | Got an icy rune of Zot
 80978 | Coc:7    | Identified the +6 hand axe of Imbalance {vorpal, rN+ Dex+3}
 81031 | Coc:7    | Identified the +1 chain mail of Truth {rN+}
 81260 | Dis:1    | Entered Level 1 of the Iron City of Dis
 83258 | Dis:7    | Entered Level 7 of the Iron City of Dis
 83844 | Dis:7    | Got Ivioryka's Handbook of Clay and the Voyage
 83971 | Dis:7    | Identified the +9 quarterstaff "Ciginl Fube" {vamp, Int+5
                  | Stlth+}
 84123 | Dis:7    | Reached skill level 27 in Fighting
 84333 | Dis:7    | Found the +4 staff of Dispater
 84333 | Dis:7    | Noticed Dispater
 84351 | Dis:7    | Gained mutation: You sometimes lose the ability to read
                  | scrolls when taking damage. [a cacodemon]
 84360 | Dis:7    | Killed Dispater
 84370 | Dis:7    | Lost mutation: You passively dampen the noise of your
                  | surroundings. [potion of mutation]
 84370 | Dis:7    | Lost mutation: You have a pair of antennae on your head.
                  | [potion of mutation]
 84370 | Dis:7    | Lost mutation: You have sharp toenails. [potion of
                  | mutation]
 84370 | Dis:7    | Gained mutation: You have large cloven feet. [potion of
                  | mutation]
 84370 | Dis:7    | Gained mutation: Your spells are a little harder to cast,
                  | but a little more powerful. [potion of mutation]
 84370 | Dis:7    | Gained mutation: You passively dampen the noise of your
                  | surroundings. [potion of mutation]
 84371 | Dis:7    | Lost mutation: You sometimes lose the ability to read
                  | scrolls when taking damage. [potion of mutation]
 84371 | Dis:7    | Lost mutation: You have large cloven feet. [potion of
                  | mutation]
 84371 | Dis:7    | Lost mutation: Armour fits poorly on your strangely shaped
                  | body. [potion of mutation]
 84371 | Dis:7    | Lost mutation: You are weak. (Str -2) [potion of mutation]
 84371 | Dis:7    | Gained mutation: Your mind is acute. (Int +2) [potion of
                  | mutation]
 84371 | Dis:7    | Gained mutation: Your mind is very acute. (Int +4) [potion
                  | of mutation]
 84471 | Dis:7    | Got an iron rune of Zot
 84498 | Dis:7    | Identified the +10 plate armour "Abreneup" {Str+2 Dex-2
                  | SInv}
 84866 | Crypt:1  | Entered Level 1 of the Crypt
 84948 | Crypt:1  | Identified the ring "Derudghee" {*Slow rN++ Str+6 Dex+4
                  | SInv}
 85428 | Orc:2    | Bought a scroll of enchant armour for 217 gold pieces
 85428 | Orc:2    | Bought a scroll of immolation for 101 gold pieces
 85436 | Orc:2    | Bought a ring of willpower for 350 gold pieces
 85718 | Vaults:1 | Learned a level 9 spell: Shatter
 86814 | Crypt:2  | Identified the +0 robe of Xiostoon {rN+}
 87199 | Crypt:3  | Entered Level 3 of the Crypt
 87367 | Crypt:3  | Reached skill level 15 in Spellcasting
 87469 | Crypt:3  | Found an ancient bone altar of Kikubaaqudgha.
 87470 | Crypt:3  | Noticed a dread lich
 87477 | Crypt:3  | Killed a dread lich
 87525 | Crypt:3  | Identified the +3 shortbow of Exkaituph {speed, Dex+4}
 88096 | Crypt:3  | Found the amulet of the Air {Inacc Air Fly rElec RMsl}
 88193 | Crypt:3  | Found a staircase to the Tomb.
 88456 | Tomb:1   | Entered Level 1 of the Tomb of the Ancients
 88790 | Tomb:1   | Identified the +8 rapier of Premature Burial {vorpal, rC+++
                  | MP-9 Dex+5}
 89117 | Tomb:1   | Noticed a royal mummy
 89138 | Tomb:1   | Killed a royal mummy
 89220 | Tomb:1   | Noticed a royal mummy
 89254 | Tomb:1   | Killed a royal mummy
 89482 | Tomb:2   | Noticed a royal mummy
 89488 | Tomb:2   | Noticed a royal mummy
 89492 | Tomb:2   | Noticed a royal mummy
 89504 | Tomb:2   | Killed a royal mummy
 89519 | Tomb:2   | Lost mutation: Your mind is very acute. (Int +4) [mutagenic
                  | glow]
 89533 | Tomb:2   | Lost mutation: You have a pair of small antennae on your
                  | head. [mutagenic glow]
 89687 | Tomb:3   | Entered Level 3 of the Tomb of the Ancients
 89703 | Tomb:3   | Noticed a royal mummy
 89712 | Tomb:3   | Killed a royal mummy
 89715 | Tomb:3   | Noticed a royal mummy
 89716 | Tomb:3   | Noticed a royal mummy
 89724 | Tomb:3   | Killed a royal mummy
 89738 | Tomb:3   | Killed a royal mummy
 89748 | Tomb:3   | Learned a level 1 spell: Apportation
 89752 | Tomb:3   | Got a golden rune of Zot
 89768 | Tomb:3   | Found the +8 orange crystal plate armour {Archmagi, Int+3
                  | Clar}
 89778 | Tomb:3   | Noticed a royal mummy
 89780 | Tomb:3   | Gained mutation: Armour fits poorly on your strangely
                  | shaped body. [mutagenic glow]
 89783 | Tomb:3   | Noticed a royal mummy
 89786 | Tomb:3   | Noticed a royal mummy
 89787 | Tomb:3   | Noticed a royal mummy
 89791 | Tomb:2   | Gained mutation: You sometimes lose the ability to read
                  | scrolls when taking damage. [mutagenic glow]
 90366 | Zot:1    | Entered Level 1 of the Realm of Zot
 90366 | Zot:1    | Noticed an orb of fire
 90372 | Zot:1    | Gained mutation: Your body sometimes deteriorates upon
                  | taking damage. [an orb of fire]
 90373 | Zot:1    | Gained mutation: You are weak. (Str -2) [an orb of fire]
 90378 | Zot:1    | Lost mutation: Your spells are a little harder to cast, but
                  | a little more powerful. [an orb of fire]
 90380 | Zot:1    | Killed an orb of fire
 90881 | Zot:1    | Noticed an orb of fire
 90900 | Zot:1    | Lost mutation: Your mind is acute. (Int +2) [an orb of
                  | fire]
 90913 | Zot:1    | Gained mutation: You possess an exceptional clarity of
                  | mind. [an orb of fire]
 90918 | Zot:1    | Gained mutation: You are very clumsy. (Dex -4) [an orb of
                  | fire]
 90921 | Zot:1    | Gained mutation: Your spells are a little easier to cast,
                  | but a little less powerful. [an orb of fire]
 90922 | Zot:1    | Lost mutation: Armour fits poorly on your strangely shaped
                  | body. [an orb of fire]
 90927 | Zot:1    | Killed an orb of fire
 91497 | Zot:2    | Noticed an orb of fire
 91500 | Zot:2    | Gained mutation: Your magical capacity is low. (-10% MP)
                  | [an orb of fire]
 91502 | Zot:2    | Gained mutation: You occasionally shout uncontrollably at
                  | your foes. [an orb of fire]
 91932 | Zot:3    | Noticed Nittaibb's ghost (master DsGl)
 91933 | Zot:3    | Found a transporter.
 91948 | Zot:3    | Found a transporter.
 92103 | Zot:5    | Entered Level 5 of the Realm of Zot
 92226 | Zot:5    | Reached skill level 27 in Earth Magic
 92998 | Zot:5    | Noticed an orb of fire
 93007 | Zot:5    | Noticed a dread lich
 93010 | Zot:5    | Noticed an orb of fire
 93016 | Zot:5    | Noticed an ancient lich
 93065 | Zot:4    | Lost mutation: Your spells are a little easier to cast, but
                  | a little less powerful. [an orb of fire]
 93066 | Zot:4    | Gained mutation: You are occasionally teleported next to
                  | monsters. [an orb of fire]
 93068 | Zot:4    | Killed a dread lich
 93075 | Zot:4    | Gained mutation: Armour fits poorly on your strangely
                  | shaped body. [an orb of fire]
 93076 | Zot:4    | Lost mutation: You possess an exceptional clarity of mind.
                  | [an orb of fire]
 93078 | Zot:4    | Gained mutation: You frequently scream uncontrollably at
                  | your foes. [an orb of fire]
 93079 | Zot:4    | Gained mutation: Your magical capacity is very low. (-20%
                  | MP) [an orb of fire]
 93081 | Zot:4    | Killed an orb of fire
 93144 | Zot:4    | Killed an ancient lich
 93150 | Zot:5    | Gained mutation: Your body often deteriorates upon taking
                  | damage. [an orb of fire]
 93169 | Zot:4    | Gained mutation: You are dopey. (Int -2) [an orb of fire]
 93170 | Zot:4    | Gained mutation: You are partially covered in iridescent
                  | scales. (AC +2) [an orb of fire]
 93171 | Zot:4    | Killed an orb of fire
 93259 | Zot:5    | Noticed an ancient lich
 93269 | Zot:5    | Killed an ancient lich
 93288 | Zot:5    | Noticed an orb of fire
 93580 | Zot:5    | Noticed an orb of fire
 93602 | Zot:5    | Killed an orb of fire
 93862 | Zot:5    | Gained mutation: You tend to lose your temper in combat.
                  | [an orb of fire]
 93870 | Zot:5    | Killed an orb of fire
 94446 | Zot:5    | Reached skill level 15 in Transmutations
 94552 | Zot:5    | Got the Orb of Zot
 94599 | Zot:5    | Noticed Xaisem Abbim the pandemonium lord
 94720 | Depths:4 | Noticed Hisokh the pandemonium lord
 94840 | D:15     | Noticed Sucviof the pandemonium lord
 95058 | D:5      | Noticed Ugiff the pandemonium lord
 95067 | D:5      | Killed Ugiff the pandemonium lord
 95183 | D:$      | Escaped with the Orb!

Illustrated notes

Levels and vault maps discovered:
D:1:      arrival_zaba_pyramid, layout_basic, minmay_misc_feat_cross,
          minmay_tiny_reverse_x
D:2:      layout_basic, basic_ecumenical_altar, minmay_heptomino_d4
D:3:      layout_rooms, nicolae_dithmenos_the_darkroom
D:4:      kennysheep_spiral_hall, layout_basic, lemuel_crystal_altar,
          minmay_tree_intersection, hangedman_decor_points
D:5:      layout_basic, marbit_many_paths, doesnt_shop_hydraphobe
D:6:      layout_loops_cross, temple_fountains, cheibrodos_sewer_entry_sluice,
          uniq_maggie, uniq_edmund, uniq_eustachio
D:7:      layout_loops_cross, kennysheep_boxes
D:8:      layout_rooms, nemelex_altar_shiori, nicolae_overflow_hidden_temple,
          mainiacjoe_overflow_alcove_1, patterned_corridor, uniq_psyche,
          uniq_gastronok
D:9:      layout_layer_cave, general_overflow_altar, fedhas_altar_4, uniq_harold
D:10:     layout_basic, nicolae_qazlal_general_emergency,
          nicolae_ru_path_of_blood, jmf_multi_god_temple2, lair_entry_dummy,
          enter_bailey_6
D:11:     layout_gridville, david_orc_2
D:12:     layout_small_grid, minmay_misc_feat_iff, chequers_hall_statues_y,
          mrwooster_statue_mirror
D:13:     layout_roguey, hangedman_vaults_entry_quadrant_bands, serial_shops,
          nicolae_shop_stone, uniq_nessos
D:14:     layout_cave_pods, ebering_ghost_xom, hangedman_decor_lopped,
          bh_hangedman_babel_library, uniq_roxanne
D:15:     grunt_enter_depths_snipers, layout_rooms, gauntlet_entry_generic,
          led_xom_imps
Temple:   eino_wide_crystal_templ
Lair:1:   layout_cave_pods, basic_altar, beast_lair_carwin_2,
          grunt_megastairs_5, serial_bayou_shore_b
Lair:2:   layout_regular_city, nicolae_swamp_entry_splash_gauntlet,
          spider_nest_entry_a, basic_altar, uniq_sonja, uniq_urug
Lair:3:   layout_chaotic_city, hellmonk_guarded_unrand_zhor, grunt_megastairs_3
Lair:4:   layout_cave_shapes
Lair:5:   layout_regular_city, minmay_slime_entry_oklob_open,
          gammafunk_ghost_ooze
Lair:6:   minmay_lair_end_frog_pond, layout_layer_cave, columned_hall_lemuel
Swamp:1:  layout_falls_marsh, ebering_ghost_disaster_area,
          nicolae_swamp_rocky_clearing, swamp_pool1, infiniplex_staircase_pool,
          uniq_jorgrun
Swamp:2:  layout_basic_swamp, nicolae_swamp_ascending_descending, swamp_pool4,
          st_swamp_ruins_4
Swamp:3:  nicolae_swamp_ascending_descending_big, layout_basic_swamp,
          nicolae_swamp_trees_clearing, uniq_donald, uniq_louise
Swamp:4:  swamp_pestilence, layout_basic_swamp
Spider:1: layout_spider_delve
Spider:2: layout_spider_delve, uniq_agnes
Spider:3: layout_spider_delve, guppyfry_spider_mini_3,
          hangedman_spider_tarantella_strand
Spider:4: guppyfry_spider_rune, gammafunk_ghost_split
Slime:1:  layout_caves
Slime:2:  layout_caves, cheibrodos_slime_lost_civilization_6
Slime:3:  layout_caves
Slime:4:  layout_caves
Slime:5
Orc:1:    layout_caves, serial_shops, shop_fountains, shop, mines_bat_river,
          uniq_josephine, uniq_maurice
Orc:2:    st_orc_ogre_mass, layout_caves
Elf:1:    layout_loops_ring, serial_shops, nicolae_shop_behind_doors,
          minivault_28, drop_trap
Elf:2:    nicolae_elf_blades_crystal_corner, layout_gridlike, serial_shops,
          shop, serial_sigils_hangedman_leer, uniq_azrael
Elf:3:    grunt_elf_hall_spiral, layout_geoelf_octagon
Vaults:1: nicolae_vaults_inception_scallops, v_alt_pattern_1,
          nicolae_vaults_network_star, v_rooms_5, v_misc_23, vaults_dpeg_hooks,
          nicolae_vaults_little_squares_3, ontoclasm_vaults_idyll,
          ontoclasm_vaults_spin, nicolae_vaults_alarming, layout_vaults_ring
Vaults:2: nicolae_vaults_inception_statues, nicolae_vaults_rhombus_6,
          vaults_mumra_minichess_inversion, ontoclasm_vaults_chip, v_misc_10,
          nicolae_vaults_gold_heap, v_misc_2, nicolae_vaults_mini_display_case,
          vaults_dpeg_cross, hangedman_vaults_maws, layout_vaults_omnigrid,
          uniq_mara
Vaults:3: grunt_vaults_trifunnel, hangedman_vaults_unwind,
          blue_anna_dwarven_crypt, vaults_room_pool, v_misc_18,
          layout_vaults_chaotic_city, uniq_xtahua
Vaults:4: nicolae_vaults_theta, v_misc_27, grunt_vaults_funneled_arena,
          grunt_vaults_diagonal, nicolae_vaults_shelves_hall,
          ontoclasm_vaults_gateway, vaults_mumra_minichess,
          hangedman_vaults_impose, vaults_room_mumra_shop_pool,
          ontoclasm_vaults_idyll, ontoclasm_vaults_ligature,
          layout_vaults_maze_bifur, uniq_bai_suzhen, uniq_sojobo, uniq_margery
Vaults:5
Crypt:1:  layout_misc_corridors, grunt_crypt_arrival_webbed
Crypt:2:  layout_basic
Crypt:3:  cryptofortress_bobbens
Tomb:1
Tomb:2
Tomb:3:   uniq_boris
Depths:1: layout_roguey, hangedman_glass_teeth, hell_entry,
          minmay_room_of_horrors, infiniplex_enter_wizlab_glasses,
          nicolae_tso_carved_into_rock, grunt_megastairs_2
Depths:2: minmay_the_grid_ultimate [minmay_the_grid_prize_shrinking_boxes,
          minmay_the_grid_prize_trominoes, minmay_the_grid_prize_big_room,
          minmay_the_grid_prize_trominoes,
          minmay_the_grid_square_5x5_misaligned,
          minmay_the_grid_square_5x5_spiral, minmay_the_grid_square_5x5_comb,
          minmay_the_grid_square_5x5_bite, minmay_the_grid_square_5x5_checkered,
          minmay_the_grid_square_5x5_doubleslash,
          minmay_the_grid_square_5x5_inset, minmay_the_grid_square_5x5_three,
          minmay_the_grid_square_5x5_trominoes,
          minmay_the_grid_square_5x5_checkered_statues,
          minmay_the_grid_square_5x5_hollow_slash,
          minmay_the_grid_square_5x5_eight_small,
          minmay_the_grid_square_5x5_checkered_sparse,
          minmay_the_grid_square_5x5_mess, minmay_the_grid_square_5x5_meh,
          minmay_the_grid_triangle_9x9_wacky_v,
          minmay_the_grid_triangle_9x9_tough_junction,
          minmay_the_grid_triangle_9x9_thin_v,
          minmay_the_grid_triangle_9x9_skeleton,
          minmay_the_grid_triangle_9x9_zippers_vertical,
          minmay_the_grid_triangle_9x9_zippers_horizontal,
          minmay_the_grid_triangle_9x9_corruption,
          minmay_the_grid_triangle_9x9_checkered,
          minmay_the_grid_triangle_9x9_limited_checkers,
          minmay_the_grid_triangle_9x9_intruding_spiral,
          minmay_the_grid_triangle_9x9_negative_grid,
          minmay_the_grid_triangle_9x9_sprig,
          minmay_the_grid_triangle_9x9_sparse_checkered,
          minmay_the_grid_triangle_9x9_descending_squares,
          minmay_the_grid_triangle_9x9_windchime,
          minmay_the_grid_triangle_9x9_longest,
          minmay_the_grid_square_5x5_lines, minmay_the_grid_octo_clover_2,
          minmay_the_grid_octo_teeth, minmay_the_grid_octo_odd_swirl,
          minmay_the_grid_octo_vomiting_pacman, minmay_the_grid_octo_fan_narrow,
          minmay_the_grid_octo_focus, minmay_the_grid_octo_fat_diamond,
          minmay_the_grid_octo_empty, minmay_the_grid_tri_star,
          minmay_the_grid_stretched_grid, minmay_the_grid_tiny_cups,
          minmay_the_grid_pillar_ring], abyss_entry, hell_entry, uniq_nikola
Depths:3: minmay_fractal_lines_corner, layout_cave_pools,
          hangedman_abyss_or_decor_jellyfish_corner, grunt_pan_entry_zigzag,
          pf_vacation_house_of_asmodeus, infiniplex_staircase_pillars_3b,
          uniq_enchantress
Depths:4: evilmike_marble_ring, layout_gridlike, dk_noncrumbling_4,
          nicolae_abyss_entry_one_way_or_another, grunt_mini_vestibule,
          infiniplex_staircase_hallway_doors
Depths:5: grunt_zot_entry_bicorn, layout_cave_shapes,
          hangedman_tar_grid_catacomb, nzn_hepliaklqana_mist_gate,
          hangedman_decor_push
Hell
Dis:1:    layout_regular_city
Dis:2:    layout_chaotic_city
Dis:3:    layout_jigsaw, grunt_dis_stairs_iron_hall
Dis:4:    layout_subdivisions, lemuel_elevator
Dis:5:    layout_subdivisions
Dis:6:    layout_gridville
Dis:7:    iron_city_of_dis [dis_grunt, dis_wall_6], layout_chaotic_city
Geh:1:    layout_gehenna_pools_triple, hangedman_gehenna_grave_pits
Geh:2:    layout_gehenna_pools_triple
Geh:3:    layout_gehenna_lava_caves
Geh:4:    layout_gehenna_lava_caves
Geh:5:    layout_gehenna_pools_box
Geh:6:    layout_gehenna_pools_triple
Geh:7:    geh_grunt
Coc:1:    layout_ice_bergs
Coc:2:    layout_ice_bergs, serial_ice
Coc:3:    layout_ice_bergs
Coc:4:    layout_ice_bergs
Coc:5:    layout_ice_bergs
Coc:6:    layout_cocytus_water_paths, serial_ice
Coc:7:    coc_grunt_cove [coc_grunt_cove_antaeus, coc_grunt_cove_fiend,
          coc_grunt_cove_fiend, coc_grunt_cove_fiend, coc_grunt_cove_fiend]
Tar:1:    layout_grid_maze, nicolae_tar_cuneiform_not
Tar:2:    layout_honeycomb
Tar:3:    layout_grid_maze, nicolae_tar_cuneiform_oil
Tar:4:    layout_grid_maze, hangedman_tartarus_temple_path
Tar:5:    layout_grid_maze
Tar:6:    layout_grid_maze, nicolae_tar_cuneiform_oil
Tar:7:    tar_old
Zot:1:    layout_twisted_circle
Zot:2:    layout_onion_interference, skrybe_zot_glass_2
Zot:3:    layout_basic, gammafunk_ghost_arena
Zot:4:    layout_onion_interference, grunt_megastairs_1
Zot:5:    layout_concentric_octagons, st_stairs_1

Skill      XL: |  1  2  3  4  5  6  7  8  9 10 11 12 13 14 15 16 17 18 19 20 21 22 23 24 25 26 27 |
---------------+----------------------------------------------------------------------------------+-----
Armour         | 4 5 6 8 10 12 14 16 17 21 | 21.3
Shields        | 4 5 6 8 10 12 15 17 18 20 | 20.0
Fighting       | 4 5 7 9 11 13 14 16 17 18 20 27 | 27.0
Maces & Flails | 3 4 6 7 9 10 11 | 11.8
Throwing       | 1 2 3 4 5 8 10 11 12 13 14 | 14.0
Evocations     | 1 2 3 4 5 6 7 8 |  8.0
Dodging        | 1 2 3 4 6 7 8 9 10 14 | 14.3
Invocations    | 4 6 7 10 12 14 16 24 | 24.0
Axes           | 5 7 11 13 14 15 16 | 16.9
Spellcasting   | 4 6 19 | 19.0
Transmutations | 3 5 6 8 15 | 15.2
Earth Magic    | 6 10 14 27 | 27.0
Hexes          | 3 4 6 8 |  8.0
Conjurations   | 5 6 8 16 | 16.0
Fire Magic     | 4 |  4.0
Summonings     | 4 |  4.0
Ice Magic      | 14 | 14.0
Air Magic      | 4 |  4.0
Translocations | 6 |  6.0

Action                   |  1- 3 |  4- 6 |  7- 9 | 10-12 | 13-15 | 16-18 | 19-21 | 22-24 | 25-27 || total
-------------------------+-------+-------+-------+-------+-------+-------+-------+-------+-------++-------
Melee: Flail             |   136 |   203 |    49 |    78 |       |       |       |       |       ||   466
       Whip              |       |    86 |   279 |   227 |       |       |       |       |       ||   592
       Broad axe         |       |       |       |   335 |   695 |   975 |  1161 |  1404 |  6656 || 11226
       Eveningstar       |       |       |       |       |       |       |       |    10 |   162 ||   172
Throw: Stone             |    18 |     9 |       |       |       |       |       |       |   254 ||   281
       Boomerang         |       |    40 |    43 |    36 |   214 |   380 |   343 |   503 |   425 ||  1984
       Dart              |       |       |    52 |   143 |   390 |   383 |     6 |    13 |    93 ||  1080
       Javelin           |       |       |       |       |     9 |       |    22 |    47 |   232 ||   310
       Throwing net      |       |       |       |       |       |       |       |       |     1 ||     1
 Cast: Passwall          |       |       |       |       |       |       |     3 |       |       ||     3
       Wereblood         |       |       |       |       |       |       |       |    58 |    57 ||   115
       Irradiate         |       |       |       |       |       |       |       |       |    96 ||    96
       Ozocubu's Armour  |       |       |       |       |       |       |       |       |    44 ||    44
       Iron Shot         |       |       |       |       |       |       |       |       |    19 ||    19
       Frozen Ramparts   |       |       |       |       |       |       |       |       |    16 ||    16
       Summon Guardian G |       |       |       |       |       |       |       |       |    11 ||    11
       Animate Armour    |       |       |       |       |       |       |       |       |    10 ||    10
       Shatter           |       |       |       |       |       |       |       |       |     6 ||     6
       Tukima's Dance    |       |       |       |       |       |       |       |       |     4 ||     4
       Freezing Cloud    |       |       |       |       |       |       |       |       |     2 ||     2
       Leda's Liquefacti |       |       |       |       |       |       |       |       |     2 ||     2
       Apportation       |       |       |       |       |       |       |       |       |     1 ||     1
Invok: Divine Shield     |       |       |       |     1 |       |     1 |     1 |       |     3 ||     6
       Cleansing Flame   |       |       |       |       |     3 |    37 |     6 |    18 |   197 ||   261
       Brand Weapon With |       |       |       |       |     1 |       |       |       |       ||     1
       Summon Divine War |       |       |       |       |       |       |       |       |     3 ||     3
Evoke: Wand              |       |       |     3 |    11 |     8 |    17 |     1 |     1 |    20 ||    61
       Tin of tremorston |       |       |     2 |     2 |       |     1 |       |     1 |     3 ||     9
       Lightning rod     |       |       |       |       |     2 |     1 |       |       |       ||     3
  Use: Scroll            |       |       |     7 |    12 |    14 |     7 |     4 |     2 |    51 ||    97
       Potion            |       |       |       |     1 |       |     4 |     3 |     2 |    36 ||    46
Armor: Scale mail        |    36 |       |       |       |       |       |       |       |       ||    36
       Chain mail        |    43 |    97 |       |       |       |       |       |       |       ||   140
       Plate armour      |       |   105 |   207 |   338 |    67 |       |       |       |       ||   717
       Storm dragon scal |       |       |       |       |   192 |       |       |       |       ||   192
       Animal skin       |       |       |       |       |    58 |   582 |   295 |   298 |       ||  1233
       Leather armour    |       |       |       |       |       |       |       |    92 |    45 ||   137
       Acid dragon scale |       |       |       |       |       |       |       |       |  2195 ||  2195
Dodge: Dodged            |    36 |    56 |    63 |   112 |   165 |   459 |   333 |   407 |  2297 ||  3928
       Repelled          |       |       |       |       |       |       |       |       |    74 ||    74
Block: Kite shield       |    83 |   151 |   193 |   433 |   415 |   729 |   550 |   712 |  6178 ||  9444
       Reflection        |       |       |       |       |       |    18 |    66 |    52 |    94 ||   230
